 Dungeon Crawl Stone Soup version 0.21.0-24-g2553a33 (console) character file.

126 removed the Skirmisher (level 4, 0/41 HPs)
             Began as a Centaur Air Elementalist on Jan 21, 2018.
             Slain by a hobgoblin
             ... wielding a +0 war axe
              (7 damage)
             ... on level 2 of the Dungeon.
             The game lasted 00:04:21 (4709 turns).

removed the Skirmisher (Centaur Air Elementalist)   Turns: 4709, Time: 00:04:22

Health: 0/41       AC:  4    Str: 12    XL:     4   Next: 84%
Magic:  6/6        EV:  9    Int: 14    God:
Gold:   58         SH:  0    Dex:  9    Spells: 5/6 levels left

rFire    . . .     SeeInvis .   l - +0 flail
rCold    . . .     Gourm    .   (no shield)
rNeg     . . .     Faith    .   a - +0 robe
rPois    .         Spirit   .   (no helmet)
rElec    .         Reflect  .   (no cloak)
rCorr    .         Harm     .   (no gloves)
MR       .....                  (no barding)
Stlth    +.........             (no amulet)
HPRegen  0.13/turn              (no ring)
MPRegen  0.10/turn              (no ring)

@: very quick
A: large, hooves 3, deformed body, speed 2, tough skin 3
a: no special abilities


You were on level 2 of the Dungeon.
You were not hungry.

You visited 1 branch of the dungeon, and saw 3 of its levels.

You collected 58 gold pieces.

Inventory:

Hand Weapons
 d - a +0 whip
 l - a +0 flail (weapon)
Armour
 a - a +0 robe (worn)
Scrolls
 g - a scroll of enchant weapon {unknown}
 i - 2 scrolls of identify {unknown}
 j - a scroll of blinking {unknown}
Potions
 h - 2 potions of agility {unknown}
Books
 b - a book of Air

   Spells                             Type                      Level
   a - Shock                          Conjuration/Air              1
   b - Swiftness                      Charms/Air                   2
   c - Static Discharge               Conjuration/Air              3
   d - Airstrike                      Air                          4
   e - Lightning Bolt                 Conjuration/Air              5
Comestibles
 c - 3 rations
 m - 8 chunks of flesh


   Skills:
 + Level 4.5 Fighting
 - Level 1.3 Dodging
 - Level 1.1 Stealth
 - Level 1.5 Spellcasting
 - Level 0.8 Conjurations
 - Level 2.6 Air Magic


You had 5 spell levels left.
You knew the following spells:

 Your Spells              Type           Power        Failure   Level  Hunger
a - Shock                 Conj/Air       #...         12%         1    ##.....


Dungeon Overview and Level Annotations

Branches:
Dungeon (3/15)

Altars:


Innate Abilities, Weirdness & Mutations

You have hooves in place of feet.
Armour fits poorly on your strangely shaped body.
You cover ground very quickly.
You have extremely tough skin. (AC +3)


Message History

Here: a quokka The floor.
You closely miss the quokka. Your kick misses the quokka.
The hobgoblin hits you with a war axe!
The quokka bites you but does no damage.
The hobgoblin barely misses you.
You barely miss the quokka. The quokka bites you.
* * * LOW HITPOINT WARNING * * *
The quokka closely misses you. The hobgoblin barely misses you.
You hit the quokka.
The quokka is heavily wounded.
The quokka closely misses you. The hobgoblin hits you with a war axe.
* * * LOW HITPOINT WARNING * * *
The quokka bites you.
* * * LOW HITPOINT WARNING * * *
Unknown command.
You completely miss the quokka. Your kick misses the quokka.
The quokka is heavily wounded.
The quokka barely misses you. The hobgoblin hits you with a war axe!
You die...

# # # ###### #
#....# # #....# #
#....#
##########....####
...............r@#
##########....##g#
# #......##l# #
#......##.#
########......##.#
..............##.#
#....###......##.#
.....# #......##.#
##.#####......##.#


You could see a leopard gecko, a quokka and a hobgoblin.

Vanquished Creatures
  4 adders (D:2)
  4 gnolls (D:2)
  A worm (D:2)
  2 dart slugs (D:1)
  3 orcs (D:2)
  2 giant cockroaches (D:1)
  5 goblins
  5 hobgoblins
  6 kobolds
  A quokka (D:2)
  2 ball pythons (D:2)
  6 bats
  2 frilled lizards
  2 rats
45 creatures vanquished.

Notes
Turn   | Place    | Note
-------+----------+-------------------------------------------
     0 | D:1      | removed the Centaur Air Elementalist began the quest for the Orb.
     0 | D:1      | Reached XP level 1. HP: 14/14 MP: 3/3
   247 | D:1      | Reached skill level 1 in Fighting
   368 | D:1      | Reached XP level 2. HP: 22/24 MP: 4/4
   519 | D:1      | Reached skill level 2 in Fighting
  1060 | D:2      | Reached XP level 3. HP: 30/30 MP: 5/5
  1072 | D:2      | Reached skill level 3 in Fighting
  2723 | D:2      | Reached XP level 4. HP: 18/40 MP: 6/6
  3388 | D:2      | Reached skill level 4 in Fighting
  4709 | D:2      | Slain by a hobgoblin

Skill      XL: |  1  2  3  4 |
---------------+-------------+-----
Fighting       | 1 2 3 4 |  4.5
Dodging        | |  1.3
Stealth        | |  1.1
Spellcasting   | |  1.5
Conjurations   | |  0.8
Air Magic      | |  2.6

Action                   |  1- 3 |  4- 6 || total
-------------------------+-------+-------++-------
Melee: Unarmed           |    20 |       ||    20
       Whip              |   133 |       ||   133
       Kick              |    20 |    10 ||    30
       Flail             |       |    67 ||    67
 Stab: Sleeping          |     1 |       ||     1
  Eat: Chunk             |     2 |     5 ||     7
       Ration            |     1 |       ||     1
Armor: Robe              |    56 |    20 ||    76
Dodge: Dodged            |    92 |    42 ||   134
